 Dungeon Sprint DCSS version 0.21-a0-278-ga722497 (webtiles) character file.

2615 potatolord6000 the Protected (level 9, -7/93 HPs)
             Began as a Minotaur Fighter on Sept 20, 2017.
             Was an Initiate of Gozag.
             Mangled by a catoblepas (9 damage)
             ... in the Dungeon (Sprint IX: "|||||||||||||||||||||||||||||").
             The game lasted 00:03:49 (676 turns).

potatolord6000 the Protected (Minotaur Fighter)      Turns: 676, Time: 00:03:49

Health: -7/93      AC: 20    Str: 28    XL:     9   Next: 34%
Magic:  0/0        EV:  2    Int:  5    God:    Gozag
Gold:   140        SH:  0    Dex: 17    Spells: 8/8 levels left

rFire    + . .     SeeInvis .   k - +1 broad axe (freeze)
rCold    + + .     Gourm    .   c - +2 shield
rNeg     + + +     Faith    .   g - +6 scale mail of Benevolence {-Tele rElec Dex+3}
rPois    ∞         Spirit   .   (helmet restricted)
rElec    +         Reflect  .   (no cloak)
rCorr    +         Harm     .   a - +0 pair of gloves
MR       .....     NoTele   +   s - +2 pair of boots "Plog" {rC+ rCorr MP-9}
Stlth    +.........             (no amulet)
HPRegen  0.25/turn              b - +2 ring of evasion
MPRegen  0.07/turn              n - +3 ring of strength

@: agile, resistant, petrified, very slightly contaminated, hasted, invisible
A: retaliatory headbutt, horns 2
a: Potion Petition, Call Merchant, Bribe Branch, Renounce Religion


You were in the Dungeon.
You worshipped Gozag.
Gozag was aware of your devotion.
You were not hungry.

You visited 1 branch You collected 1368 gold pieces.
You spent 766 gold pieces at shops.
You paid 462 gold pieces to Gozag.

Inventory:

Hand Weapons
 k - a +1 broad axe of freezing (weapon)
Armour
 a - a +0 pair of gloves (worn)
 c - a +2 shield (worn)
 g - the +6 scale mail of Benevolence (worn) {-Tele rElec Dex+3}
   (You bought it in a shop in the Dungeon)

   It affects your dexterity (+3).
   It insulates you from electricity.
   It prevents most forms of teleportation.
 s - the +2 pair of boots "Plog" (worn) {rC+ rCorr MP-9}
   (You bought it in a shop in the Dungeon)

   It protects you from cold.
   It affects your magic capacity (-9).
   It protects you from acid and corrosion.
Jewellery
 b - a +2 ring of evasion (left hand)
 n - a +3 ring of strength (right hand)
Scrolls
 q - a scroll of identify
 r - 3 scrolls of remove curse
 t - a scroll of recharging
Potions
 e - 5 potions of curing
 i - 4 potions of magic
 j - a potion of berserk rage
 o - 2 potions of agility
 p - a potion of brilliance
Comestibles
 f - a bread ration


   Skills:
 + Level 13.1 Fighting
 + Level 12.8 Axes
 + Level 13.1 Armour
 + Level 13.1 Shields


You had 8 spell levels left.
You didn't know any spells.

Dungeon Overview and Level Annotations

Branches:
Dungeon (1/1)

Altars:
Cheibriados
Dithmenos
Elyvilon
Fedhas
Gozag
Hepliaklqana
Kikubaaqudgha
Makhleb
Nemelex Xobeh
Okawaru
Qazlal
Ru
Sif Muna
Trog
Uskayaw
Vehumet
Wu Jian
Xom
Yredelemnul
Zin
The Shining One
Beogh
Jiyva
Lugonu

Shops:
D [


Innate Abilities, Weirdness & Mutations

You reflexively headbutt those who attack you in melee.
You have a pair of horns on your head.


Message History

* * * LOW HITPOINT WARNING * * *
The seven-headed hydra is no longer distracted by gold.
The catoblepas breathes a plume of calcifying dust at you.
The blast of calcifying dust hits you!
The hippogriff is no longer distracted by gold.
The bullfrog is no longer distracted by gold.
The catoblepas gores you!
* * * LOW HITPOINT WARNING * * *
The catoblepas gores you!!
* * * LOW HITPOINT WARNING * * *
The catoblepas breathes a plume of calcifying dust at you.
The blast of calcifying dust hits you!
The catoblepas breathes a plume of calcifying dust at you.
The blast of calcifying dust hits you!
* * * LOW HITPOINT WARNING * * *
The catoblepas gores you.
* * * LOW HITPOINT WARNING * * *
The catoblepas gores you!!
You die...
Your body crumbles into a pile of gold.

▓_▓.▓∩▓
$
▓_▓.▓.▓
$
▓_▓.▓[▓
$
▓_▓.▓§▓
▓_▓.▓§▓
$
▓_▓.▓.▓
$
▓_▓.▓§▓
$
▓_▓.▓§▓
$
▓_▓.▓@▓
$
▓_▓.▓Y▓
$
▓_▓.▓t▓
$
▓_▓.▓H▓
$
▓_▓.▓D▓
$
▓_▓.▓F▓
$
▓_▓.▓l▓
$
▓_▓.▓F▓
$ ▓_▓.▓


You could see a catoblepas, a seven-headed hydra, a hippogriff, a basilisk, a
blink frog, a crocodile and a bullfrog.

Vanquished Creatures
  A death yak (D)
  A spiny frog (D)
  A komodo dragon (D)
  A slime creature (D)
  A blink frog (D)
  A yak (D)
  A basilisk (D)
  A porcupine (D)
  2 water moccasins (D)
  An orc warrior (D)
  2 crocodiles (D)
  2 bullfrogs (D)
  A killer bee (D)
  2 orc wizards (D)
  An iguana (D)
  An adder (D)
  A shadow imp (D)
  2 adder zombies (D)
  An adder skeleton (D)
  An orc (D)
  A bat (D)
  A hobgoblin (D)
  2 kobolds (D)
  2 quokkas (D)
  A frilled lizard (D)
  A giant cockroach zombie (D)
33 creatures vanquished.

Notes
Turn   | Place    | Note
-------+----------+-------------------------------------------
     0 | D        | potatolord6000 the Minotaur Fighter began the quest for the Orb.
     0 | D        | Reached XP level 1. HP: 19/19 MP: 0/0
    24 | D        | Noticed an orc wizard
    24 | D        | Noticed an iguana
    27 | D        | Killed an orc wizard
    27 | D        | Reached skill level 5 in Fighting
    27 | D        | Reached skill level 5 in Armour
    27 | D        | Reached skill level 5 in Shields
    27 | D        | Reached XP level 2. HP: 23/29 MP: 1/1
    27 | D        | Reached XP level 3. HP: 28/36 MP: 2/2
    32 | D        | Reached skill level 5 in Axes
    32 | D        | Reached XP level 4. HP: 34/44 MP: 3/3
    96 | D        | Found a roughly hewn altar of Beogh.
    96 | D        | Found a snail-covered altar of Cheibriados.
    96 | D        | Found a shadowy altar of Dithmenos.
    96 | D        | Found a white marble altar of Elyvilon.
    96 | D        | Found a blossoming altar of Fedhas.
    96 | D        | Found an opulent altar of Gozag.
    97 | D        | Found a hazy altar of Hepliaklqana.
    98 | D        | Found a viscous altar of Jiyva.
    99 | D        | Found an ancient bone altar of Kikubaaqudgha.
   100 | D        | Found a corrupted altar of Lugonu.
   101 | D        | Found a burning altar of Makhleb.
   102 | D        | Found a sparkling altar of Nemelex Xobeh.
   103 | D        | Found an iron altar of Okawaru.
   104 | D        | Found a stormy altar of Qazlal.
   105 | D        | Found a sacrificial altar of Ru.
   106 | D        | Found a deep blue altar of Sif Muna.
   107 | D        | Found a bloodstained altar of Trog.
   108 | D        | Found a hide-covered altar of Uskayaw.
   109 | D        | Found a radiant altar of Vehumet.
   110 | D        | Found an ornate altar of the Wu Jian Council.
   111 | D        | Found a shimmering altar of Xom.
   112 | D        | Found a basalt altar of Yredelemnul.
   117 | D        | Found a glowing silver altar of Zin.
   122 | D        | Found a glowing golden altar of the Shining One.
   142 | D        | Became a worshipper of Gozag Ym Sagoz the Greedy
   218 | D        | Noticed a yak
   227 | D        | Killed a yak
   227 | D        | Reached XP level 5. HP: 43/53 MP: 4/4
   240 | D        | Reached XP level 6. HP: 46/62 MP: 5/5
   323 | D        | Noticed a slime creature
   323 | D        | Noticed an orc warrior
   326 | D        | Killed a slime creature
   327 | D        | Reached XP level 7. HP: 63/71 MP: 6/6
   338 | D        | Reached skill level 10 in Fighting
   338 | D        | Reached skill level 10 in Armour
   338 | D        | Reached skill level 10 in Shields
   461 | D        | Noticed a spiny frog
   461 | D        | Noticed a komodo dragon
   461 | D        | Noticed a basilisk
   465 | D        | Killed a spiny frog
   465 | D        | Reached skill level 10 in Axes
   470 | D        | Noticed a blink frog
   470 | D        | Reached XP level 8. HP: 75/82 MP: 7/7
   475 | D        | HP: 1/82 [komodo dragon (20)]
   478 | D        | Noticed a death yak
   481 | D        | Killed a komodo dragon
   495 | D        | Killed a blink frog
   495 | D        | Killed a death yak
   495 | D        | Reached XP level 9. HP: 66/92 MP: 8/8
   615 | D        | Bought the +6 scale mail of Benevolence {-Tele rElec Dex+3} for 584 gold pieces
   615 | D        | Bought the +2 pair of boots "Plog" {rC+ rCorr MP-9} for 182 gold pieces
   637 | D        | Noticed a catoblepas
   651 | D        | Noticed a seven-headed hydra
   675 | D        | HP: 2/93 [catoblepas (3)]
   676 | D        | Mangled by a catoblepas

Vault maps used:
D:        linesprint

Skill      XL: |  1  2  3  4  5  6  7  8  9 |
---------------+----------------------------+-----
Armour         | 5 7 8 9 11 12 13 | 13.1
Fighting       | 5 8 9 11 12 13 | 13.1
Shields        | 5 8 9 11 12 13 | 13.1
Axes           | 4 5 7 9 10 12 | 12.8

Action                   |  1- 3 |  4- 6 |  7- 9 || total
-------------------------+-------+-------+-------++-------
Melee: War axe           |    22 |     7 |       ||    29
       Headbutt          |     4 |     4 |    11 ||    19
       Broad axe         |       |    24 |    51 ||    75
Invok: Call Merchant     |       |       |     1 ||     1
  Use: Potion            |       |     1 |     7 ||     8
       Scroll            |       |       |     2 ||     2
 Stab: Petrified         |       |       |     3 ||     3
       Invisible         |       |       |     1 ||     1
Armor: Scale mail        |     9 |     9 |    12 ||    30
Dodge: Dodged            |     7 |    12 |     6 ||    25
Block: Shield            |     6 |    11 |    16 ||    33

Table legend:
 A = Spawn XP
 B = Non-spawn XP
 C = Spawn XP percentage of total XP
 D = Spawn monster count
 E = Non-spawn monster count
 F = Spawn count percentage of total count
 G = Total turns spent on level
                    A         B        C        D         E        F      G
               +---------+---------+-------+---------+---------+-------+---------
         Total |       0 |    3736 |   0.0 |       0 |      33 |   0.0 |   676
               +---------+---------+-------+---------+---------+-------+---------
             D |       0 |    3736 |   0.0 |       0 |      33 |   0.0 |   676
               +---------+---------+-------+---------+---------+-------+---------
